 Dungeon Sprint DCSS version 0.21.1-1-g345015fe64 (webtiles) character file.

21 Nordon the Covered (level 2, -3/20 HPs)
             Began as a Gargoyle Fighter on Apr 7, 2018.
             Slain by a phantom (6 damage)
             ... in the Dungeon (Sprint III: "The Ten Rune Challenge").
             The game lasted 00:00:21 (93 turns).

Nordon the Covered (Gargoyle Fighter)                 Turns: 93, Time: 00:00:21

Health: -3/20      AC:  9    Str: 19    XL:     2   Next: 83%
Magic:  2/2        EV:  7    Int:  8    God:
Gold:   0          SH:  9    Dex:  9    Spells: 1/1 levels left

rFire    . . .     SeeInvis .   a - +0 war axe
rCold    . . .     Gourm    .   c - +0 shield
rNeg     + . .     Faith    .   b - +0 scale mail
rPois    ∞         Spirit   .   (no helmet)
rElec    +         Reflect  .   (no cloak)
rCorr    .         Harm     .   (no gloves)
MR       .....     NoTele   +   (no boots)
Stlth    ..........             (no amulet)
HPRegen  0.06/turn              (no ring)
MPRegen  0.08/turn              (no ring)

@: no status effects
A: negative energy resistance 1, electricity resistance, unbreathing,
petrification resistance, rot immunity, AC +2
a: no special abilities


You were in the Dungeon.
You were not hungry.

You visited 1 branch


Innate Abilities, Weirdness & Mutations

You are resistant to torment.
Your stone body is resilient. (AC +2)
You are immune to poison.
You resist negative energy. (rN+)
You are resistant to electric shocks. (rElec)
You can survive without breathing.
You are immune to petrification.
You are immune to rotting.


   Skills:
 + Level 4.2 Fighting
 * Level 3.5 Axes
 + Level 4.2 Armour
 + Level 4.2 Shields


You had one spell level left.
You didn't know any spells.

Inventory:

Hand Weapons
 a - a +0 war axe (weapon)
Armour
 b - a +0 scale mail (worn)
 c - a +0 shield (worn)
Scrolls
 k - a scroll of blinking
 n - 2 scrolls of random uselessness {unknown}
Potions
 d - a potion of might
 e - a potion of curing {@q1}
 g - a potion of heal wounds {@q2}
 h - a potion of haste {@q3}
 i - 2 potions of magic
 j - a potion of berserk rage {!q}
 m - a potion of agility {unknown}
Comestibles
 f - a ration {@e1}
 l - a chunk of flesh

Dungeon Overview and Level Annotations

Branches:
Dungeon (1/1)

Altars:

█.....#....≈.♣♣
█.....#...≈≈..♣
█.....#.§≈≈≈≈.♣.
█####'#..≈≈≈≈≈≈.
█.....#.≈≈≈≈≈≈..
█.....#.W≈≈≈≈...
█.....#.≈≈≈.....
█'#####.........
█..@W...........


████████████████ You could see a phantom.


Message History

You block the human's attack.
The phantom blinks!
You barely miss the human.
The human is heavily wounded.
The human closely misses you. x2
You hit the human.
The human is heavily wounded.
The human hits you.
* * * LOW HITPOINT WARNING * * *
You hit the human.
The human is heavily wounded.
The human hits you but does no damage. x2
You hit the human but do no damage.
The human is heavily wounded.
The human hits you.
* * * LOW HITPOINT WARNING * * *
You block the human's attack.
You closely miss the human.
The human is heavily wounded.
The human hits you but does no damage.
You slash the human!
The human is almost dead.
You block the human's attack.
You hit the human.
You kill the human!
Your Fighting skill increases to level 4!
Your Axes skill increases to level 3!
Your Armour skill increases to level 4!
Your Shields skill increases to level 4!
You have reached level 2!
The phantom hits you.
You die...

Skill      XL: |  1 |
---------------+----+-----
Axes           | 3 |  3.5
Fighting       | 4 |  4.2
Armour         | 4 |  4.2
Shields        | 4 |  4.2

Action                   || total
-------------------------++-------
Melee: War axe           ||    21
Armor: Scale mail        ||    11
Dodge: Dodged            ||     4
Block: Shield            ||     8

Vault maps used:
D:        dungeon_sprint_mu

Notes
Turn   | Place    | Note
-------+----------+-------------------------------------------
     0 | D        | Nordon the Gargoyle Fighter began the quest for the Orb.
     0 | D        | Reached XP level 1. HP: 14/14 MP: 1/1
     4 | D        | Reached skill level 2 in Axes
    38 | D        | Killed a yaktaur
    80 | D        | Killed a hellion
    93 | D        | Reached skill level 4 in Fighting
    93 | D        | Reached skill level 3 in Axes
    93 | D        | Reached skill level 4 in Armour
    93 | D        | Reached skill level 4 in Shields
    93 | D        | Reached XP level 2. HP: 3/20 MP: 2/2
    93 | D        | Slain by a phantom

Vanquished Creatures
  A human (D)
  4 rats (D)
5 creatures vanquished.

Vanquished Creatures (others)
  A yaktaur (D)
  A hellion (D)
2 creatures vanquished.

Grand Total: 7 creatures vanquished

Table legend:
 A = Turns spent in this place as a percentage of turns spent in the entire game.
 B = Non-inter-level travel turns spent in this place as a percentage of non-inter-level travel turns spent in the entire game.
 C = Inter-level travel turns spent in this place as a percentage of turns spent in this place.
 D = Turns resting spent in this place as a percentage of non-inter-level travel turns spent in this place.
 E = Turns spent auto-exploring this place as a percentage of non-inter-level travel turns spent in this place.
 F = Non-inter-level travel turns spent in this place divided by the number of levels of this place that you've seen.
                   A       B       C       D       E      F
               +-------+-------+-------+-------+-------+----------------------
         Total | 100.0 | 100.0 |   0.0 |  38.7 |   0.0 |  93.0
       Dungeon | 100.0 | 100.0 |   0.0 |  38.7 |   0.0 |  93.0
               +-------+-------+-------+-------+-------+----------------------

Table legend:
 A = Spawn XP
 B = Non-spawn XP
 C = Spawn XP percentage of total XP
 D = Spawn monster count
 E = Non-spawn monster count
 F = Spawn count percentage of total count
 G = Total turns spent on level
                    A         B        C        D         E        F      G
               +---------+---------+-------+---------+---------+-------+---------
         Total |       0 |      30 |   0.0 |       0 |       5 |   0.0 |    93
               +---------+---------+-------+---------+---------+-------+---------
             D |       0 |      30 |   0.0 |       0 |       5 |   0.0 |    93
               +---------+---------+-------+---------+---------+-------+---------
